 Dungeon Crawl Stone Soup version 0.21-a0-346-g330ab2c (webtiles) character file.

270 Amnesiac the Digger (level 6, -6/44 HPs)
             Began as a Gnoll Earth Elementalist on Oct 5, 2017.
             Killed from afar by an orc wizard (8 damage)
             ... with a magic dart
             ... on level 6 of the Dungeon.
             The game lasted 00:03:26 (626 turns).

Amnesiac the Digger (Gnoll Earth Elementalist)       Turns: 626, Time: 00:03:26

Health: -6/44      AC:  2    Str: 12    XL:     6   Next: 22%
Magic:  9/13       EV: 15    Int: 17    God:
Gold:   0          SH:  0    Dex: 16    Spells: 3/15 levels left

rFire    . . .     SeeInvis .   b - +0 dagger
rCold    . . .     Gourm    .   (no shield)
rNeg     . . .     Faith    .   c - +0 robe
rPois    .         Spirit   .   (no helmet)
rElec    .         Reflect  .   (no cloak)
rCorr    .         Harm     .   (no gloves)
MR       .....                  (no boots)
Stlth    +++.......             (no amulet)
HPRegen  0.14/turn              (no ring)
MPRegen  0.13/turn              (no ring)

@: flying
A: distributed training, fangs 1, strong nose
a: no special abilities


You were on level 6 of the Dungeon.
You were not hungry.

You visited 1 branch of the dungeon, and saw 6 of its levels.

Inventory:

Hand Weapons
 b - a +0 dagger (weapon)
Armour
 c - a +0 robe (worn)
Jewellery
 l - an uncursed ring of resist corrosion {unknown}
Scrolls
 g - 3 scrolls of identify {!r, unknown}
 i - a scroll of remove curse {!r, unknown}
Potions
 h - a potion of ambrosia {!q, unknown}
 j - 2 potions of curing {!q, unknown}
 k - a potion of flight {!q}
Books
 e - a book of Geomancy

   Spells                             Type                      Level
   a - Sandblast                      Earth                        1
   b - Passwall                       Transmutation/Earth          2
   c - Stone Arrow                    Conjuration/Earth            3
   d - Petrify                        Transmutation/Earth          4
   e - Lee's Rapid Deconstruction     Earth                        5
 m - a book of Minor Magic

   Spells                             Type                      Level
   a - Magic Dart                     Conjuration                  1
   b - Blink                          Translocation                2
   c - Call Imp                       Summoning                    2
   d - Slow                           Hexes                        2
   e - Conjure Flame                  Conjuration/Fire             3
   f - Mephitic Cloud                 Conjuration/Poison/Air       3
Comestibles
 a - 3 meat rations
 d - a bread ration
 f - 2 royal jellies


   Skills:
 + Level 1.8 Fighting
 + Level 1.8 Short Blades
 + Level 1.8 Long Blades
 + Level 1.8 Axes
 + Level 1.8 Maces & Flails
 + Level 1.8 Polearms
 + Level 1.8 Staves
 + Level 1.8 Slings
 + Level 1.8 Bows
 + Level 1.8 Crossbows
 + Level 1.8 Throwing
 + Level 1.8 Armour
 + Level 4.9 Dodging
 + Level 4.5 Stealth
 + Level 1.8 Shields
 + Level 1.8 Unarmed Combat
 + Level 5.3 Spellcasting
 + Level 1.8 Conjurations
 + Level 1.8 Hexes
 + Level 1.8 Charms
 + Level 1.8 Summonings
 + Level 1.8 Necromancy
 + Level 1.8 Translocations
 + Level 3.1 Transmutations
 + Level 1.8 Fire Magic
 + Level 1.8 Ice Magic
 + Level 1.8 Air Magic
 + Level 6.8 Earth Magic
 + Level 1.8 Poison Magic
 + Level 1.8 Invocations
 + Level 1.8 Evocations


You had 3 spell levels left.
You knew the following spells:

 Your Spells              Type           Power        Failure   Level  Hunger
a - Sandblast             Erth           ####..       1%          1    None
b - Passwall              Tmut/Erth      ###.......   2%          2    #......
d - Lee's Rapid Deconstr  Erth           ####......   22%         5    ######.
e - Petrify               Tmut/Erth      ###.....     17%         4    ####...


Dungeon Overview and Level Annotations

Branches:
Dungeon (6/15)
 Temple: D:4-7

Altars:
Kikubaaqudgha

Annotations:
D:4 Terence


Innate Abilities, Weirdness & Mutations

Your experience applies equally to all skills.
You have very sharp teeth.
Your uncanny sense of smell can sniff out nearby items.


Message History

Your magical contamination has completely faded away.
There is a stone staircase leading down here.
You climb downwards.
You hear the sound of rushing water.
There is an entrance to a sewer on this level.
Hurry and find it before the portal rusts away!
A killer bee zombie comes into view.
There is a stone staircase leading up here.
Casting: Passwall
Confirm with . or Enter, or press ? or * to list all spells.
Aiming: Sandblast
Press: ? - help, Shift-Dir - straight line, f - killer bee zombie
Aim: a killer bee zombie You don't have any stones to cast with.
Casting: Sandblast
Confirm with . or Enter, or press ? or * to list all spells.
Aiming: Petrify
Press: ? - help, Shift-Dir - straight line, f/p - killer bee zombie
Aim: a killer bee zombie (chance to defeat MR: 65%)
The killer bee zombie is moving more slowly.
The killer bee zombie barely misses you.
Unknown command.
There is a stone staircase leading up here.
The killer bee zombie closely misses you.
Found a paperback book.
The killer bee zombie stops moving altogether!
The helpless killer bee zombie fails to defend itself.
You impale the killer bee zombie!!
You bite the killer bee zombie, but do no damage.
The killer bee zombie is heavily damaged.
The helpless killer bee zombie fails to defend itself.
You impale the killer bee zombie!!
You bite the killer bee zombie, but do no damage.
The killer bee zombie is almost destroyed.
The helpless killer bee zombie fails to defend itself.
You impale the killer bee zombie!!
You destroy the killer bee zombie!
Found a stone staircase leading up.
m - a book of Minor Magic A ball python comes into view.
There is a stone staircase leading up here.
You climb upwards.
The orc wizard shouts! 2 orcs, an orc priest and a zombie come into view.
You found an alarm trap!
The orc shouts! x2; You hear a shout! x2
The orc priest calls down the wrath of Beogh upon you.
Beogh smites you!
* * * LOW HITPOINT WARNING * * *
There is a stone staircase leading down here.
The orc priest mumbles some strange prayers to Beogh against you.
Beogh smites you!
* * * LOW HITPOINT WARNING * * *
The orc wizard misses you.
You climb downwards.
You hear the sound of rushing water.
There is an entrance to a sewer on this level.
Hurry and find it before the portal rusts away!
There is a stone staircase leading up here.
Really quaff
k - 2 sapphire potions {!q}?
It was a potion of flight {!q}.
You feel very buoyant.
You fly up into the air.
The orc wizard casts a spell at you. The magic dart hits you!
You die...

### ..# ... #.# #.#
#.#.# ..# #@#.# #.#
#o#.# #.# #.#.# #.#
#.#.# #######.###.#.#
...........#.##
#.#.#.#.##...#########
#..<..................
###.###.##...#########


You could see an orc wizard.

Vanquished Creatures
  An ogre (D:4)
  Blork the orc (D:4)
  An orc wizard (D:3)
  A killer bee zombie (D:6)
  A hound skeleton (D:5)
  3 gnolls (D:4)
  2 adders
  4 orcs (D:3)
  A giant cockroach (D:3)
  A goblin (D:1)
  A hobgoblin (D:2)
  A jackal (D:5)
  2 kobolds
  2 rats (D:1)
22 creatures vanquished.

Notes
Turn   | Place    | Note
-------+----------+-------------------------------------------
     0 | D:1      | Amnesiac the Gnoll Earth Elementalist began the quest for the Orb.
     0 | D:1      | Reached XP level 1. HP: 13/13 MP: 6/6
   143 | D:3      | Noticed an orc wizard
   147 | D:3      | Reached XP level 2. HP: 14/19 MP: 2/7
   191 | D:3      | Reached skill level 5 in Spellcasting
   191 | D:3      | Reached XP level 3. HP: 13/25 MP: 2/9
   250 | D:4      | Reached skill level 1 in Fighting
   250 | D:4      | Reached skill level 1 in Short Blades
   250 | D:4      | Reached skill level 1 in Long Blades
   250 | D:4      | Reached skill level 1 in Axes
   250 | D:4      | Reached skill level 1 in Maces & Flails
   250 | D:4      | Reached skill level 1 in Polearms
   250 | D:4      | Reached skill level 1 in Staves
   250 | D:4      | Reached skill level 1 in Slings
   250 | D:4      | Reached skill level 1 in Bows
   250 | D:4      | Reached skill level 1 in Crossbows
   250 | D:4      | Reached skill level 1 in Throwing
   250 | D:4      | Reached skill level 1 in Armour
   250 | D:4      | Reached skill level 1 in Shields
   250 | D:4      | Reached skill level 1 in Unarmed Combat
   250 | D:4      | Reached skill level 1 in Conjurations
   250 | D:4      | Reached skill level 1 in Hexes
   250 | D:4      | Reached skill level 1 in Charms
   250 | D:4      | Reached skill level 1 in Summonings
   250 | D:4      | Reached skill level 1 in Necromancy
   250 | D:4      | Reached skill level 1 in Translocations
   250 | D:4      | Reached skill level 1 in Fire Magic
   250 | D:4      | Reached skill level 1 in Ice Magic
   250 | D:4      | Reached skill level 1 in Air Magic
   250 | D:4      | Reached skill level 1 in Poison Magic
   250 | D:4      | Reached skill level 1 in Invocations
   250 | D:4      | Reached skill level 1 in Evocations
   250 | D:4      | Reached XP level 4. HP: 23/32 MP: 2/11
   300 | D:4      | Noticed Blork the orc
   365 | D:4      | Killed Blork the orc
   365 | D:4      | Reached XP level 5. HP: 37/37 MP: 8/12
   373 | D:4      | Learned a level 2 spell: Passwall
   378 | D:4      | Learned a level 4 spell: Petrify
   384 | D:4      | Noticed an ogre
   384 | D:4      | Learned a level 5 spell: Lee's Rapid Deconstruction
   391 | D:4      | Killed an ogre
   391 | D:4      | Reached XP level 6. HP: 44/44 MP: 7/13
   456 | D:3      | Noticed Terence
   534 | D:5      | Entered Level 5 of the Dungeon
   554 | D:5      | Found an ancient bone altar of Kikubaaqudgha.
   624 | D:5      | HP: 2/44 [orc priest/divine providence (12)]
   626 | D:6      | Killed from afar by an orc wizard

Vault maps used:
D:1:      lightli_arrival_lavapool
D:2:      first_bread, trog_book, uniq_sigmund, uniq_robin
D:3:      uniq_jessica, uniq_terence
D:4:      overflow_temple_1_default, uniq_blork_the_orc
D:5:      nicolae_ashenzari_panopticon, nicolae_overflow_hidden_temple,
          grunt_qazlal_clouds
D:6:      portal_sewer_entry_e, minmay_misc_feat_five

Skill      XL: |  1  2  3  4  5 |
---------------+----------------+-----
Spellcasting   | 5 |  5.3
Fighting       | 1 |  1.8
Short Blades   | 1 |  1.8
Long Blades    | 1 |  1.8
Axes           | 1 |  1.8
Maces & Flails | 1 |  1.8
Polearms       | 1 |  1.8
Staves         | 1 |  1.8
Slings         | 1 |  1.8
Bows           | 1 |  1.8
Crossbows      | 1 |  1.8
Throwing       | 1 |  1.8
Armour         | 1 |  1.8
Shields        | 1 |  1.8
Unarmed Combat | 1 |  1.8
Conjurations   | 1 |  1.8
Hexes          | 1 |  1.8
Charms         | 1 |  1.8
Summonings     | 1 |  1.8
Necromancy     | 1 |  1.8
Translocations | 1 |  1.8
Fire Magic     | 1 |  1.8
Ice Magic      | 1 |  1.8
Air Magic      | 1 |  1.8
Poison Magic   | 1 |  1.8
Invocations    | 1 |  1.8
Evocations     | 1 |  1.8
Transmutations | 3 |  3.1
Dodging        | |  4.9
Stealth        | |  4.5
Earth Magic    | |  6.8

Action                   |  1- 3 |  4- 6 || total
-------------------------+-------+-------++-------
Melee: Unarmed           |    15 |    15 ||    30
       Bite              |     2 |     4 ||     6
       Dagger            |       |     3 ||     3
 Cast: Sandblast         |    16 |    16 ||    32
       Petrify           |       |     4 ||     4
       Passwall          |       |     1 ||     1
  Use: Potion            |       |     1 ||     1
 Stab: Sleeping          |     2 |     1 ||     3
       Petrified         |       |     3 ||     3
Armor: Robe              |     1 |       ||     1
Dodge: Dodged            |    10 |    40 ||    50

Table legend:
 A = Spawn XP
 B = Non-spawn XP
 C = Spawn XP percentage of total XP
 D = Spawn monster count
 E = Non-spawn monster count
 F = Spawn count percentage of total count
 G = Total turns spent on level
                    A         B        C        D         E        F      G
               +---------+---------+-------+---------+---------+-------+---------
         Total |       0 |     387 |   0.0 |       0 |      22 |   0.0 |   626
               +---------+---------+-------+---------+---------+-------+---------
           D:1 |       0 |       5 |   0.0 |       0 |       4 |   0.0 |    48
           D:2 |       0 |       2 |   0.0 |       0 |       1 |   0.0 |    27
           D:3 |       0 |      65 |   0.0 |       0 |       8 |   0.0 |   190
           D:4 |       0 |     267 |   0.0 |       0 |       6 |   0.0 |   269
           D:5 |       0 |      20 |   0.0 |       0 |       2 |   0.0 |    58
           D:6 |       0 |      28 |   0.0 |       0 |       1 |   0.0 |    34
               +---------+---------+-------+---------+---------+-------+---------
